 Dungeon Crawl Stone Soup version 0.24-a0-217-g1152973 (webtiles) character file.

Game seed: 8371574635844451033

135 Borgoz the Cutter (level 5, -9/31 HPs)
             Began as a Gargoyle Gladiator on Mar 29, 2019.
             Killed from afar by a wretched star (12 damage)
             ... with an orb of energy
             ... on level 1 of the Abyss.
             The game lasted 00:04:44 (2142 turns).

Borgoz the Cutter (Gargoyle Gladiator)              Turns: 2142, Time: 00:04:44

Health: -9/31      AC:  8    Str: 21    XL:     5   Next: 18%
Magic:  5/5        EV: 13    Int:  4    God:
Gold:   103        SH:  0    Dex: 12    Spells: 4/4 levels left

rFire    . . .     SeeInvis .   a - +0 rapier
rCold    . . .     Gourm    .   (no shield)
rNeg     + . .     Faith    .   b - +0 leather armour
rPois    ∞         Spirit   .   c - +0 helmet
rElec    +         Reflect  .   o - scarf {cloud immunity}
rCorr    .         Harm     .   (no gloves)
MR       .....     Rnd*Rage +   (no boots)
Stlth    +.........             x - amulet of magic regeneration
HPRegen  0.10/turn              v - +3 ring of strength
MPRegen  0.34/turn              (no ring)

@: wreathed by umbra
A: [berserk 2], [blurry vision 2], [dopey 2], negative energy resistance 1,
electricity resistance, unbreathing, petrification resistance, rot immunity, AC
+4
a: no special abilities


You were on level 1 of the Abyss.
You were not hungry.

You visited 1 branch of the dungeon, and saw 3 of its levels.
You visited the Abyss 1 time.

You collected 103 gold pieces.

Inventory:

Hand Weapons
 a - a +0 rapier (weapon)
Missiles
 d - 3 throwing nets (quivered)
 e - 4 tomahawks
Armour
 b - a +0 leather armour (worn)
 c - a +0 helmet (worn)
 o - a scarf of cloud immunity (worn)
Jewellery
 v - a +3 ring of strength (left hand)
 x - an amulet of magic regeneration (around neck)
Scrolls
 g - 2 scrolls of random uselessness {unknown}
 i - 4 scrolls of identify {unknown}
 l - a scroll of immolation {unknown}
 m - a scroll of fog {unknown}
 n - 2 scrolls of teleportation {unknown}
 p - a scroll of fear {unknown}
 s - a scroll of remove curse
 t - a scroll of blinking {unknown}
 w - a scroll of enchant weapon {unknown}
Potions
 h - a potion of haste {unknown}
 k - 2 potions of curing
 q - a potion of lignification {unknown}
 r - 2 potions of flight
 u - a potion of might
Comestibles
 f - 8 rations
 j - 5 chunks of flesh


   Skills:
 + Level 2.7 Fighting
 * Level 3.4 Short Blades
 - Level 1.7 Throwing
 * Level 2.4 Armour
 * Level 3.2 Dodging
 + Level 1.5 Stealth


You had 4 spell levels left.
You didn't know any spells.
Your spell library contained the following spells:

 Spells                   Type           Power        Failure   Level  Hunger
 Flame Tongue             Conj/Fire      #....        54%         1    ##.....
 Throw Flame              Conj/Fire      #.....       69%         2    ###....
 Conjure Flame            Conj/Fire      #.......     89%         3    ####...
 Inner Flame              Hex/Fire       #.......     89%         3    ####...
 Sticky Flame             Conj/Fire      #.......     100%        4    #####..
 Fireball                 Conj/Fire      #.........   100%        5    ######.


Dungeon Overview and Level Annotations

Branches:
Dungeon (3/15)

Altars:
Nemelex Xobeh
Uskayaw
Wu Jian


Innate Abilities, Weirdness & Mutations

You are resistant to torment.
Your stone body is resilient. (AC +4)
You are immune to poison.
You resist negative energy. (rN+)
You are resistant to electric shocks. (rElec)
You can survive without breathing.
You are immune to petrification.
You are immune to rotting.
[You often lose your temper in combat.]
[Scrolls take you longer to read.]
[You are very dopey. (Int -4)]


Message History

The thrashing horror barely misses you. The thrashing horror tramples you.
You hold your ground!
A starcursed mass splits.
A chorus of shrieks assaults your mind.
A starcursed mass splits.
A small abomination and a profane servitor come into view.
A starcursed mass splits. x2
Found 21 stones.
The wretched star pulses with an eldritch light!
You feel stupid. x2
A small abomination comes into view.
A starcursed mass splits.
The wretched star pulses with an eldritch light!
You feel a little pissed off.
You feel angry. A chorus of shrieks assaults your mind.
* * * LOW HITPOINT WARNING * * *
Why would you want to do that? Why would you want to do that?
The wretched star glows turbulently.
The orb of energy hits you!
You die...

.. .# ..##
.....##..# .. ..
#..## # ..≈. .#...#
≈. ..*...##.. # ...
# ...#.# ## ..#≈
#.##..##.
##≈≈≈######.#.$#..
#≈(≈≈≈≈.@..*..#.
.≈≈≈≈≈x.#.#4#...#..
..≈≈x≈≈#X##X.....#
#.≈≈≈A≈≈#XX.X.....#
.≈≈≈.≈≈≈#XXX..#.#.§
##≈≈.≈≈.###X#..## #
#≈≈...# ##.##...
.≈≈♣#.# ## ### #≈#
≈#


You could see a profane servitor, a wretched star, a red devil and 2 small
abominations.

Vanquished Creatures
  3 gnolls (D:2)
  3 adders (D:2)
  3 worms
  3 dart slugs
  3 leopard geckos
  2 orcs (D:3)
  5 giant cockroaches
  6 goblins
  6 hobgoblins
  2 jackals (D:1)
  9 kobolds
  2 quokkas
  A ball python (D:2)
  5 bats
  2 frilled lizards
  6 rats
61 creatures vanquished.

Notes
Turn   | Place    | Note
-------+----------+-------------------------------------------
     0 | D:1      | Borgoz the Gargoyle Gladiator began the quest for the Orb.
     0 | D:1      | Reached XP level 1. HP: 12/12 MP: 1/1
   131 | D:1      | Reached XP level 2. HP: 7/17 MP: 2/2
   427 | D:1      | Reached skill level 1 in Armour
   813 | D:1      | Reached XP level 3. HP: 22/22 MP: 3/3
   993 | D:2      | Reached skill level 1 in Stealth
  1105 | D:2      | Reached XP level 4. HP: 22/27 MP: 4/4
  1723 | D:3      | Reached XP level 5. HP: 31/31 MP: 5/5
  1959 | D:3      | Found an ornate altar of the Wu Jian Council.
  1959 | D:3      | Found a sparkling altar of Nemelex Xobeh.
  1960 | D:3      | Found a hide-covered altar of Uskayaw.
  2077 | D:3      | Cast into level 1 of the Abyss (a distortion unwield)
  2115 | Abyss:1  | Noticed a rust devil
  2117 | Abyss:1  | Noticed a raiju
  2128 | Abyss:1  | Noticed a starcursed mass
  2131 | Abyss:1  | Noticed a wretched star
  2132 | Abyss:1  | Noticed a red devil
  2133 | Abyss:1  | Noticed a thrashing horror
  2139 | Abyss:1  | Noticed a profane servitor
  2139 | Abyss:1  | Noticed a small abomination
  2140 | Abyss:1  | Noticed a small abomination
  2142 | Abyss:1  | Killed from afar by a wretched star

Levels and vault maps discovered:
D:1:      roderic_chinese_lattice_arrival, layout_basic
D:2:      layout_rooms
D:3:      layout_rooms, gammafunk_temple_overflow_claw, ebering_ghost_gozag,
          minmay_misc_feat_hallway, kennysheep_generic_room_9
Abyss:1:  guppyfry_abyss_exit_glass_guarded

Skill      XL: |  1  2  3  4 |
---------------+-------------+-----
Armour         | 1 2 |  2.4
Short Blades   | 3 |  3.4
Stealth        | 1 |  1.5
Dodging        | 3 |  3.2
Fighting       | |  2.7
Throwing       | |  1.7

Action                   |  1- 3 |  4- 6 || total
-------------------------+-------+-------++-------
Melee: Rapier            |   134 |    88 ||   222
  Use: Scroll            |     1 |       ||     1
       Potion            |       |     3 ||     3
 Stab: Sleeping          |       |     2 ||     2
  Eat: Chunk             |     1 |     3 ||     4
Armor: Leather armour    |    71 |    34 ||   105
Dodge: Dodged            |   104 |    90 ||   194

Table legend:
 A = Non-vault XP
 B = Vault XP
 C = Vault XP percentage of total XP
 D = Non-vault monster count
 E = Vault monster count
 F = Vault count percentage of total count
                 A         B        C        D         E       F
            +---------+---------+-------+---------+---------+-------
      Total |     193 |       1 |   0.5 |      60 |       1 |   1.6
            +---------+---------+-------+---------+---------+-------
        D:1 |      36 |       0 |   0.0 |      20 |       0 |   0.0
        D:2 |     126 |       0 |   0.0 |      27 |       0 |   0.0
        D:3 |      31 |       1 |   3.1 |      13 |       1 |   7.1
            +---------+---------+-------+---------+---------+-------
